 Dungeon Crawl Stone Soup version 0.29-a0-732-g3d7fbe0af2 (webtiles) character file.

Game seed: 3319206629762672960

527 coolguy69 the Sneak (level 7, 0/37 HPs)
             Began as a Vine Stalker Monk on June 30, 2022.
             Slain by Duvessa
             ... wielding a +2 short sword of venom
              (5 damage)
             ... on level 6 of the Dungeon.
             The game lasted 00:05:11 (4391 turns).

coolguy69 the Sneak (Vine Stalker Monk)             Turns: 4391, Time: 00:05:12

Health: 0/37       AC:  4    Str: 13    XL:     7   Next: 23%
Magic:  0/8        EV: 29    Int: 10    God:
Gold:   302        SH:  0    Dex: 25    Spells: 6/6 levels left

rFire   . . .      SeeInvis +   r - +0 short sword (elec)
rCold   . . .      Faith    .   (no shield)
rNeg    . . .      Spirit   +   g - +0 leather armour
rPois   .          Reflect  .   (no helmet)
rElec   .          Harm     .   (no cloak)
rCorr   .          Rampage  .   (no gloves)
Will    .....                   w - +0 pair of boots
Stlth   +++.......              x - amulet of the acrobat
HPRegen 0.92/turn               n - +6 ring of dexterity
MPRegen 0.11/turn               B - ring of see invisible

@: lethally poisoned (0 -> -9), acrobatic
A: fangs 2, regeneration 1, magic shield, antimagic bite, no potion heal 2
a: no special abilities


You were on level 6 of the Dungeon.
You visited 2 branches of the dungeon, and saw 7 of its levels.

You collected 302 gold pieces.

Inventory:

Hand Weapons
 r - a +0 short sword of electrocution (weapon)
Armour
 g - a +0 leather armour (worn)
 w - a +0 pair of boots (worn)
Jewellery
 f - a ring of fire
 n - a +6 ring of dexterity (left hand)
 x - an amulet of the acrobat (around neck)
 B - a ring of see invisible (right hand)
Wands
 p - a wand of polymorph (7)
 s - a wand of flame (13)
Scrolls
 a - a scroll of fear
 b - a scroll of vulnerability {unknown}
 d - 2 scrolls of blinking {unknown}
 k - a scroll of enchant armour
 m - 3 scrolls of teleportation
 o - a scroll of noise {unknown}
 t - a scroll of poison {unknown}
 u - 2 scrolls of identify
 y - a scroll of enchant weapon {unknown}
 z - a scroll of torment {unknown}
Potions
 c - a potion of ambrosia
 e - a potion of lignification {unknown}
 h - 2 potions of heal wounds {unknown}
 i - 2 potions of mutation
 j - a potion of brilliance
 l - a potion of might {unknown}
 q - a potion of flight {unknown}
 v - a potion of haste {unknown}
 A - a potion of invisibility {unknown}


   Skills:
 + Level 4.2 Fighting
 + Level 4.3 Short Blades
 + Level 3.9 Dodging
 + Level 5.3 Stealth


You had 6 spell levels left.
You didn't know any spells.
Your spell library contained the following spells:

 Spells                   Type           Power      Damage    Failure   Level
 Slow                     Hex            0%         N/A       43%         1
 Sublimation of Blood     Necr           0%         N/A       58%         2
 Petrify                  Tmut/Erth      0%         N/A       99%         4
 Irradiate                Conj/Tmut      0%         3d13      100%        5


Dungeon Overview and Level Annotations

Branches:
Dungeon (6/15)             Temple (1/1) D:4

Altars:
Ashenzari
Cheibriados
Dithmenos
Fedhas
Gozag
Hepliaklqana
Makhleb
Nemelex Xobeh
Qazlal
Ru
Sif Muna
Uskayaw
Vehumet
Xom
Yredelemnul
Zin
The Shining One

Shops:
D:1 =   D:4 =   D:5 *

Annotations:
D:6 Dowan, Duvessa


Innate Abilities, Weirdness & Mutations

You have extremely sharp teeth.
Your natural rate of healing is unusually fast.
When hurt, damage is shared between your health and your magic reserves.
Your bite disrupts and absorbs the magic of your enemies.
Potions cannot restore your health.


Message History

Duvessa and Dowan come into view.
Duvessa is wielding a +2 short sword of venom.
Dowan is wielding a +0 dagger and wearing a +2 robe of willpower.
Dowan shouts!
Duvessa shouts!
Duvessa says, "Beauty is only skin deep, and my weapons penetrate much further than that."
There are monsters nearby!
There are monsters nearby!
Dowan misses you.
There are monsters nearby!
You hit Dowan. You bite Dowan, but do no damage.
Dowan is lightly wounded.
You hit Dowan.
Dowan is moderately wounded.
Dowan closely misses you.
You hit Dowan but do no damage. You bite Dowan, but do no damage.
Dowan is moderately wounded.
Dowan hits you with a +0 dagger.
Duvessa hits you with a +2 short sword of venom.
You are poisoned.
You hit Dowan. Your bite misses Dowan.
Dowan is moderately wounded.
You feel very sick. Dowan misses you.
Duvessa hits you with a +2 short sword of venom!
You closely miss Dowan.
Dowan is moderately wounded.
You feel sick.
Dowan casts a spell at Duvessa.
Duvessa seems to speed up.
Duvessa hits you with a +2 short sword of venom!
You are lethally poisoned!
You hear a shout!
Dowan attacks as you move away! Dowan hits you with a +0 dagger.
* * * LOW HITPOINT WARNING * * *
You feel very sick.
An orc comes into view. It is wielding a +0 dagger.
* * * LOW HITPOINT WARNING * * *
You feel very sick.
The orc shouts!
Duvessa hits you with a +2 short sword of venom!
You die...

## ####### o.###.
........ ......
#......######...###
+.......#.#e......#
#.......#..e.......
#.......#.#@#######
#.......#'#.####
#..............#
#..............#
#######........#
#........#
#..<.....#
#........#
#........#


You could see Duvessa (fast), Dowan and an orc.

Vanquished Creatures
  A phantom (D:5)
  3 scorpions
  An orc priest (D:4)
  An iguana (D:5)
  2 orc wizards (D:5)
  A gnoll (D:4)
  4 adders
  2 worms (D:2)
  2 dart slugs
  16 orcs
  8 ball pythons
  5 endoplasms
  2 giant cockroaches
  6 goblins
  17 hobgoblins
  4 jackals (D:5)
  6 kobolds
  4 quokkas
  7 bats
  4 rats
96 creatures vanquished.

Notes
Turn   | Place    | Note
-------+----------+-------------------------------------------
     0 | D:1      | coolguy69 the Vine Stalker Monk began the quest for the
                  | Orb.
     0 | D:1      | Reached XP level 1. HP: 11/11 MP: 2/2
   309 | D:1      | Reached XP level 2. HP: 3/16 MP: 1/3
   727 | D:1      | Found Oqeck's Jewellery Shoppe.
   813 | D:1      | Reached skill level 3 in Stealth
   880 | D:1      | Reached XP level 3. HP: 10/20 MP: 1/4
  1807 | D:2      | Found a radiant altar of Vehumet.
  1819 | D:2      | Gained mutation: Your natural rate of healing is unusually
                  | fast. [Vine Stalker growth]
  1819 | D:2      | Reached XP level 4. HP: 16/24 MP: 3/5
  1958 | D:2      | Noticed a scorpion
  1960 | D:2      | Killed a scorpion
  1961 | D:2      | Reached XP level 5. HP: 28/28 MP: 6/6
  1967 | D:2      | Reached skill level 4 in Stealth
  2413 | D:3      | Found a faded altar of an unknown god.
  2421 | D:3      | Got Plato's Collected Works on Malediction
  2426 | D:3      | Found a radiant altar of Vehumet.
  3328 | D:4      | Found a staircase to the Ecumenical Temple.
  3371 | D:4      | Found Hageiseth's Jewellery Boutique.
  3537 | D:4      | Reached XP level 6. HP: 31/33 MP: 7/7
  3602 | Temple   | Entered the Ecumenical Temple
  3861 | D:5      | Entered Level 5 of the Dungeon
  4043 | D:5      | Found Plog's Assorted Antiques.
  4048 | D:5      | Reached skill level 5 in Stealth
  4055 | D:5      | Reached XP level 7. HP: 37/37 MP: 8/8
  4285 | D:5      | Found a sparkling altar of Nemelex Xobeh.
  4288 | D:5      | Found a shadowy altar of Dithmenos.
  4291 | D:5      | Found a hide-covered altar of Uskayaw.
  4382 | D:6      | Noticed Duvessa
  4382 | D:6      | Noticed Dowan
  4391 | D:6      | Slain by Duvessa

Illustrated notes

Levels and vault maps discovered:
D:1:      onia_arrival_mini_spirals, layout_rooms, serial_shops,
          nicolae_square_shop
D:2:      wad_lake_hut, layout_rooms, basic_altar, minmay_octomino_c4
D:3:      layout_basic, vehumet_altar_wand_db,
          shapermc_ecumenical_altar_rom_forum
D:4:      layout_rooms, minmay_temple_entry_large_hall, serial_shops, shop,
          kennysheep_small_circle
D:5:      layout_rooms, grunt_temple_overflow_diamond, serial_shops,
          nicolae_square_shop, minmay_misc_feat_cross
D:6:      layout_basic, kennysheep_mini, ebering_ghost_sewer_d, st_stairs_13,
          minmay_a_box_with_orc_wizards_in_it, uniq_duvessa
Temple:   compressed_dpeg_triangle_lava_temple

Skill      XL: |  1  2  3  4  5  6 |
---------------+-------------------+-----
Short Blades   | 3 4 |  4.3
Stealth        | 3 4 5 |  5.3
Fighting       | 3 4 |  4.2
Dodging        | 3 |  3.9

Action                   |  1- 3 |  4- 6 |  7- 9 || total
-------------------------+-------+-------+-------++-------
Melee: Short sword       |   100 |   130 |     8 ||   238
       Bite              |    25 |    45 |     2 ||    72
       Dagger            |       |     8 |       ||     8
       Punch             |       |     1 |       ||     1
  Use: Scroll            |       |     5 |       ||     5
 Stab: Sleeping          |     5 |     7 |     1 ||    13
Armor: Robe              |    16 |     1 |       ||    17
       Leather armour    |       |    22 |       ||    22
Dodge: Dodged            |    70 |   120 |     3 ||   193

Table legend: (Time is in decaauts)
 A = Elapsed time spent in this place.
 B = Non-inter-level travel time spent in this place.
 C = Inter-level travel time spent in this place.
 D = Time resting spent in this place.
 E = Time spent auto-exploring this place.
 F = Levels seen in this place.
 G = Mean time per level.
                   A        B        C        D        E       F      G
               +--------+--------+--------+--------+--------+-----+--------+
         Total |   4416 |   4108 |    308 |    930 |   2508 |   7 |  630.9 |
       Dungeon |   4169 |   3885 |    284 |    930 |   2293 |   6 |  694.8 |
        Temple |    246 |    223 |     23 |      0 |    215 |   1 |  246.0 |
               +--------+--------+--------+--------+--------+-----+--------+

Top non-repeatable levels by time:
     D:1: 1345 daAuts
     D:2: 1020 daAuts
     D:3: 764 daAuts
     D:4: 516 daAuts
     D:5: 503 daAuts
  Temple: 246 daAuts
     D:6: 21 daAuts
